 Dungeon Crawl Stone Soup version 0.31-a0-1205-g5e5e916f41 (webtiles) character file.

Game seed: 8661678715872243638

6112 Malachi the Slicer (level 10, -5/51 HPs)
             Began as a Vine Stalker Hunter on Dec 13, 2023.
             Slain by a boulder beetle (11 damage)
             ... on level 8 of the Dungeon.
             The game lasted 00:15:20 (6663 turns).

Malachi the Slicer (Vine Stalker Hunter)            Turns: 6663, Time: 00:15:20

Health: -5/51      AC: 16    Str: 17    XL:     10   Next: 89%
Magic:  0/11       EV: 13    Int:  9    God:
Gold:   588        SH:  0    Dex: 22    Spells: 9/9 levels left

rFire   . . .        q - +11 quarterstaff of the Howling Hawk {heavy, rC+ Str+3}
rCold   + + .        (shield currently unavailable)
rNeg    + . .        c - +0 leather armour
rPois   .            g - +1 helmet
rElec   .            r - +2 cloak {Will+}
rCorr   .            A - +2 pair of gloves
SInv    .            k - +0 pair of boots
Will    ++...        (no amulet)
Stlth   +++++        l - ring of positive energy
HPRegen 1.08/turn    (no ring)
MPRegen 0.12/turn

%: guardian spirit
@: no status effects
A: fangs 3, regeneration 1, magic shield, antimagic bite, no potion heal 2,
hooves 1, iridescent scales 2, cold resistance 1
a: no special abilities


You were on level 8 of the Dungeon.
You visited 1 branch of the dungeon, and saw 8 of its levels.

You collected 588 gold pieces.

Inventory:

Hand Weapons
 a - a +0 shortbow
 e - a +0 short sword of protection
 m - a +0 rapier of speed
 q - the +11 quarterstaff of the Howling Hawk (weapon) {heavy, rC+ Str+3}
   (You found it on level 7 of the Dungeon)

   Str+3:     It affects your strength (+3).
   rC+:       It protects you from cold.
 x - a +0 falchion of holy wrath
 y - a +0 rapier of draining
Armour
 c - a +0 leather armour (worn)
 g - a +1 helmet (worn)
 k - a +0 pair of boots (worn)
 r - a +2 cloak of willpower (worn)
 A - a +2 pair of gloves (worn)
Jewellery
 j - a ring of fire
 l - a ring of positive energy (left hand)
 C - a ring of ice
Wands
 s - a wand of acid (4)
 D - a wand of flame (21)
Scrolls
 b - a scroll of butterflies
 d - a scroll of brand weapon
 f - 2 scrolls of fear
 h - 2 scrolls of enchant armour
 n - a scroll of vulnerability
 o - 3 scrolls of teleportation
 p - 2 scrolls of poison
 t - 4 scrolls of blinking
 w - 3 scrolls of amnesia
 G - a scroll of enchant weapon {unknown}
Potions
 i - a potion of might {unknown}
 u - a potion of ambrosia {unknown}
 v - a potion of invisibility
 z - 2 potions of attraction {unknown}
 B - 3 potions of curing {unknown}
 E - a potion of magic {unknown}
 F - a potion of berserk rage {unknown}


   Skills:
 + Level 5.3 Fighting
 - Level 10.0 Short Blades
 - Level 7.0 Ranged Weapons
 + Level 1.4 Armour
 + Level 2.4 Dodging
 - Level 10.0 Stealth


You had 9 spell levels left.
You didn't know any spells.
Your spell library contained the following spells:

 Spells                   Type           Power      Damage    Failure   Level
 Foxfire                  Conj/Fire      0%         2x1d4     43%         1
 Magic Dart               Conj           0%         1d3       43%         1
 Slow                     Hex            0%         N/A       43%         1
 Passwall                 Tmut/Erth      0%         N/A       58%         2
 Poisonous Vapours        Pois/Air       0%         N/A       58%         2
 Searing Ray              Conj           0%         2d4       58%         2
 Sublimation of Blood     Necr           0%         N/A       58%         2
 Confusing Touch          Hex            0%         N/A       82%         3
 Dazzling Flash           Conj/Hex       0%         N/A       82%         3
 Mephitic Cloud           Conj/Pois/Air  0%         N/A       82%         3
 Sigil of Binding         Hex            0%         N/A       82%         3
 Vampiric Draining        Necr           0%         2d6       82%         3
 Fulminant Prism          Conj/Hex       0%         3d5       99%         4
 Petrify                  Tmut/Erth      0%         N/A       99%         4
 Vhi's Electric Charge    Tloc/Air       0%         N/A       99%         4
 Agony                    Necr           0%         N/A       100%        5
 Freezing Cloud           Conj/Ice/Air   0%         6-21      100%        5
 Irradiate                Conj/Tmut      0%         3d11      100%        5
 Silence                  Hex/Air        0%         N/A       100%        5
 Yara's Violent Unravell  Hex/Tmut       0%         3d3       100%        5
 Plasma Beam              Fire/Air       0%         2x1d10    100%        6
 Starburst                Conj/Fire      0%         6d3       100%        6


Dungeon Overview and Level Annotations

Branches:
Dungeon (8/15)             Temple (0/1) D:7
   Lair: D:8-11

Altars:
Nemelex Xobeh
Yredelemnul

Shops:
D:2 [

Annotations:
D:8 exclusion: door


Innate Abilities, Weirdness & Mutations

You have razor-sharp teeth.
Your natural rate of healing is unusually fast.
When hurt, damage is shared between your health and your magic reserves.
Your bite disrupts and absorbs the magic of your enemies.
Potions cannot restore your health.
You have large cloven feet.
You are mostly covered in iridescent scales. (AC +4)
Your flesh is cold resistant. (rC+)


Message History

You are too injured to fight recklessly!
You are too injured to fight recklessly!
You hit the boulder beetle but do no damage.
You bite the boulder beetle. You drain its power.
You feel invigorated.
The boulder beetle is heavily wounded.
You hit the boulder beetle but do no damage.
The boulder beetle is heavily wounded.
The boulder beetle barely misses you.
You hit the boulder beetle but do no damage.
You bite the boulder beetle, but do no damage.
The boulder beetle is heavily wounded.
You hit the boulder beetle but do no damage.
You bite the boulder beetle, but do no damage.
The boulder beetle is heavily wounded.
You feel stronger.
q - the +11 quarterstaff of the Howling Hawk (weapon)
{heavy, rC+ Str+3} The boulder beetle barely misses you.
You sock the boulder beetle!
You bite the boulder beetle, but do no damage.
The boulder beetle is heavily wounded.
The boulder beetle leaps!
The boulder beetle curls into a ball and begins rolling!
The boulder beetle hits you!!
* * * LOW HITPOINT WARNING * * *
The boulder beetle stops rolling and uncurls.
You hit the boulder beetle but do no damage.
The boulder beetle is heavily wounded.
The boulder beetle leaps!
The boulder beetle bites you but does no damage.
You sock the boulder beetle!
You bite the boulder beetle, but do no damage.
The boulder beetle is severely wounded.
The boulder beetle barely misses you. The boulder beetle bites you!
* * * LOW HITPOINT WARNING * * *
You hit the boulder beetle but do no damage.
You bite the boulder beetle. You drain its power.
You feel invigorated.
The boulder beetle is severely wounded.
The boulder beetle bites you but does no damage.
The boulder beetle bites you!
You die...

.....⌠..........#..............#.
................#..÷.............
#8##...##8###8##..............#..
####...########..................
#8...8# #.##....#....°........
##...## #..#....##..○.........
#...# ##......####....#..###
##..)# ##.#.#..B°°..#....#
#8...8### #.#@#○[.........##
###...##.# #...B)........#.####
#........####...................
#...#...................######..
#..÷.....#......................
#####........#.#........######..
#......##.............# ###
#.#....##..###..<.....#
#.###......###.>..#####


You could see a boulder beetle.

Vanquished Creatures
  The ghost of pzskc383 the Cleaver, a novice GrFi of Okawaru (D:7)
  Prince Ribbit (D:5)
  Sigmund (D:2)
  2 wyverns
  6 yaks (D:7)
  Grum (D:8)
  A steam dragon (D:7)
  2 water moccasins
  2 ice beasts
  2 orc warriors (D:7)
  2 sky beasts (D:6)
  3 ogres
  2 wolves (D:8)
  The ghost of Gynju the Shooter, an amateur MiHu (D:5)
  A black bear (D:4)
  2 centaurs
  2 kobold brigands
  5 bullfrogs
  3 scorpions
  9 wights
  9 killer bees (D:7)
  2 howler monkeys
  2 jellies
  3 hounds
  2 gnoll boudas
  3 orc priests
  2 sleepcaps (D:5)
  5 iguanas
  3 orc wizards (D:8)
  Robin (D:2)
  4 gnolls (D:5)
  4 adders
  2 river rats (D:5)
  A shadow imp (D:7)
  2 ufetubi (D:5)
  2 worms (D:4)
  A dart slug (D:2)
  13 orcs
  8 ball pythons
  4 bats
  10 endoplasms
  6 giant cockroaches
  12 goblins
  7 hobgoblins
  6 jackals
  19 kobolds
  10 quokkas
  9 frilled lizards
  4 rats
  A spectral orc (D:6)
206 creatures vanquished.

Notes
Turn   | Place    | Note
-------+----------+-------------------------------------------
     0 | D:1      | Malachi the Vine Stalker Hunter began the quest for the
                  | Orb.
     0 | D:1      | Reached XP level 1. HP: 11/11 MP: 2/2
   156 | D:1      | Reached XP level 2. HP: 15/15 MP: 3/3
   559 | D:1      | Reached XP level 3. HP: 18/18 MP: 4/4
   606 | D:2      | Noticed Robin
   633 | D:2      | Killed Robin
   739 | D:2      | Reached skill level 5 in Ranged Weapons
   762 | D:2      | Reached XP level 4. HP: 23/23 MP: 5/5
   796 | D:2      | Found Vyfath's Armour Emporium.
   943 | D:2      | Noticed Sigmund
   962 | D:2      | Killed Sigmund
   963 | D:2      | Reached XP level 5. HP: 17/26 MP: 2/6
   963 | D:2      | Reached XP level 6. HP: 20/30 MP: 2/7
  1946 | D:3      | Got Fajoog's Grimoire of Reformation and the Sky
  2532 | D:4      | Noticed a black bear
  2545 | D:4      | Killed a black bear
  2546 | D:4      | Reached skill level 1 in Short Blades
  2573 | D:4      | Reached XP level 7. HP: 34/35 MP: 8/8
  3134 | D:5      | Entered Level 5 of the Dungeon
  3355 | D:5      | Found a runed translucent door.
  3356 | D:5      | Noticed Gynju's ghost (amateur MiHu)
  3526 | D:5      | Killed Gynju's ghost
  3533 | D:5      | Gained mutation: You have razor-sharp teeth. [Vine Stalker
                  | growth]
  3533 | D:5      | Reached XP level 8. HP: 37/42 MP: 9/9
  3565 | D:5      | Found a runed translucent door.
  3611 | D:5      | Noticed Prince Ribbit
  3643 | D:5      | Killed Prince Ribbit
  3644 | D:5      | Reached skill level 5 in Fighting
  3798 | D:5      | Reached skill level 5 in Short Blades
  3911 | D:5      | Gained mutation: You have a somewhat thin skeletal
                  | structure. (Dex +2, Stealth+) [potion of mutation]
  3911 | D:5      | Gained mutation: You have a pair of small antennae on your
                  | head. [potion of mutation]
  3912 | D:5      | Lost mutation: You have a somewhat thin skeletal structure.
                  | (Dex +2, Stealth+) [potion of mutation]
  3912 | D:5      | Lost mutation: You have a pair of small antennae on your
                  | head. [potion of mutation]
  3912 | D:5      | Gained mutation: You are partially covered in iridescent
                  | scales. (AC +2) [potion of mutation]
  3912 | D:5      | Gained mutation: You have hidden genetic potential. [potion
                  | of mutation]
  3912 | D:5      | Gained mutation: You have large cloven feet. [potion of
                  | mutation]
  4159 | D:6      | Found a sparkling altar of Nemelex Xobeh.
  4171 | D:6      | Reached XP level 9. HP: 47/47 MP: 10/10
  4610 | D:6      | Found a basalt altar of Yredelemnul.
  4949 | D:7      | Gained mutation: You are mostly covered in iridescent
                  | scales. (AC +4) [hidden potential]
  5021 | D:7      | Identified the +11 quarterstaff of the Howling Hawk {heavy,
                  | rC+ Str+3}
  5034 | D:7      | Found a runed translucent gate.
  5034 | D:7      | Noticed pzskc383's ghost (novice GrFi)
  5034 | D:7      | Identified the +4 plate armour of Inaction {Harm rElec rN+}
  5035 | D:7      | Found a runed translucent gate.
  5036 | D:7      | Found a runed translucent gate.
  5095 | D:7      | Killed pzskc383's ghost
  5096 | D:7      | Reached skill level 10 in Short Blades
  5096 | D:7      | Reached XP level 10. HP: 26/51 MP: 11/11
  5099 | D:7      | Reached skill level 5 in Stealth
  5330 | D:7      | Gained mutation: Your flesh is cold resistant. (rC+)
                  | [hidden potential]
  5330 | D:7      | Lost mutation: You have hidden genetic potential. [hidden
                  | potential expressed]
  5672 | D:7      | Found a staircase to the Ecumenical Temple.
  5788 | D:8      | Noticed Grum
  5823 | D:8      | Killed Grum
  6065 | D:8      | Noticed a boulder beetle
  6236 | D:8      | Noticed a red ugly thing
  6396 | D:8      | Reached skill level 1 in Armour
  6416 | D:8      | Reached skill level 10 in Stealth
  6663 | D:8      | Slain by a boulder beetle

Illustrated notes

Levels and vault maps discovered:
D:1:      spicycebolla_green_bress_n_ham, layout_basic
D:2:      layout_loops_ring, serial_shops, nicolae_shop_crystal, hex_large,
          minmay_unequal, uniq_sigmund, uniq_robin
D:3:      layout_basic, grunt_decor_mini_mirrors
D:4:      layout_loops_ring, minmay_misc_feat_enclosed,
          dreamdust_mushroom_princess, hex_tiny, serial_bayou_lagoon_a
D:5:      layout_rooms, ebering_ghost_sewer_f,
          nicolae_concentric_dashed_squares_mild, uniq_prince_ribbit1
D:6:      layout_loops_ring, nemelex_dance_club_becter,
          yredelemnul_forgotten_temple_becter, patterned_corridor
D:7:      layout_basic, minmay_temple_entry_poolview, biasface_ghost_orc_armoury
D:8:      layout_rooms, serial_corexii_hall, chequers_hall_statues_wall_a,
          corexii_hall_statues_x, corexii_hall_statues_l, minmay_three_doors,
          uniq_grum

Skill      XL: |  1  2  3  4  5  6  7  8  9 10 |
---------------+-------------------------------+-----
Ranged Weapons | 4 5 6 7 |  7.0
Fighting       | 2 4 5 |  5.3
Short Blades   | 1 3 6 10 | 10.0
Stealth        | 4 10 | 10.0
Armour         | 1 |  1.4
Dodging        | 2 |  2.4

Action                     |  1- 3 |  4- 6 |  7- 9 | 10-12 || total
---------------------------+-------+-------+-------+-------++-------
  Melee: Short sword       |    65 |   188 |   477 |   380 ||  1110
         Bite              |    12 |    63 |   175 |   163 ||   413
         Punch             |     1 |     3 |     8 |    11 ||    23
         Kick              |       |       |    76 |     5 ||    81
         Rapier            |       |       |       |    23 ||    23
         Quarterstaff      |       |       |       |     4 ||     4
   Fire: Shortbow          |    60 |    15 |       |       ||    75
  Evoke: Wand              |       |       |     1 |     2 ||     3
    Use: Scroll            |       |       |    12 |     1 ||    13
         Potion            |       |       |     3 |     3 ||     6
   Stab: Sleeping          |     1 |     5 |     7 |     4 ||    17
         Distracted        |       |     2 |       |     1 ||     3
         Invisible         |       |       |     2 |     8 ||    10
 Armour: Leather armour    |    45 |    98 |   265 |   179 ||   587
  Dodge: Dodged            |    60 |   109 |   230 |   145 ||   544

Table legend: (Time is in decaauts)
 A = Elapsed time spent in this place.
 B = Non-inter-level travel time spent in this place.
 C = Inter-level travel time spent in this place.
 D = Time resting spent in this place.
 E = Time spent auto-exploring this place.
 F = Levels seen in this place.
 G = Mean time per level.
                   A        B        C        D        E       F      G
               +--------+--------+--------+--------+--------+-----+--------+
         Total |   6376 |   6135 |    241 |    152 |   4107 |   8 |  797.0 |
       Dungeon |   6376 |   6135 |    241 |    152 |   4107 |   8 |  797.0 |
               +--------+--------+--------+--------+--------+-----+--------+

Top non-repeatable levels by time:
     D:2: 950 daAuts
     D:4: 878 daAuts
     D:6: 862 daAuts
     D:7: 803 daAuts
     D:5: 787 daAuts
     D:8: 756 daAuts
     D:3: 739 daAuts
     D:1: 597 daAuts
